 Dungeon Crawl Stone Soup version 0.26-a0-597-gb535b0901c (webtiles) character file.

Game seed: 3036084429458394977

9828 Flugslaktarn the Cleaver (level 11, -2/105 HPs)
             Began as a Minotaur Fighter on Sept 13, 2020.
             Was an Elder of Uskayaw.
             Slain by a fire giant
             ... wielding a +2 great sword of flaming
              (10 damage)
             ... on level 11 of the Dungeon.
             The game lasted 00:05:09 (10377 turns).

Flugslaktarn the Cleaver (Minotaur Fighter)        Turns: 10377, Time: 00:05:09

Health: -2/105     AC: 21    Str: 20    XL:     11   Next: 28%
Magic:  10/10      EV:  3    Int:  8    God:    Uskayaw [****..]
Gold:   259        SH: 17    Dex: 11    Spells: 10/10 levels left

rFire    . . .     SeeInvis .   a - +1 war axe
rCold    . . .     Faith    .   e - +0 tower shield
rNeg     . . .     Spirit   .   j - +2 plate armour {rPois}
rPois    +         Reflect  .   s - +2 hat
rElec    .         Harm     .   (no cloak)
rCorr    +                      (no gloves)
MR       .....                  A - +2 pair of boots
Stlth    ..........             g - amulet of the acrobat
HPRegen  0.27/turn              k - ring of resist corrosion
MPRegen  0.12/turn              o - ring of poison resistance

@: hasted, studying Axes, very quick
A: retaliatory headbutt, horns 2
a: Stomp, Line Pass, Renounce Religion


You were on level 11 of the Dungeon.
You worshipped Uskayaw.
Uskayaw was noncommittal.
You visited 2 branches of the dungeon, and saw 12 of its levels.
You also visited: Sewer and Ossuary.

You collected 753 gold pieces.
You spent 494 gold pieces at shops.

Inventory:

Hand Weapons
 a - a +1 war axe (weapon)
Missiles
 B - 3 throwing nets (quivered)
Armour
 e - a +0 tower shield (worn)
   (You bought it in a shop on level 8 of the Dungeon)
 j - a +2 plate armour of poison resistance (worn)
   (You found it on level 5 of the Dungeon)
 s - a +2 hat (worn)
   (You bought it in a shop on level 8 of the Dungeon)
 A - a +2 pair of boots (worn)
   (You bought it in a shop on level 9 of the Dungeon)
Jewellery
 g - an amulet of the acrobat (around neck)
   (You found it in a sewer)
 k - a ring of resist corrosion (left hand)
   (You found it on level 8 of the Dungeon)
 o - a ring of poison resistance (right hand)
   (You found it on level 9 of the Dungeon)
 r - an uncursed amulet of regeneration {unknown}
   (You found it on level 11 of the Dungeon)
Scrolls
 b - 2 scrolls of enchant weapon
 c - a scroll of silence
 f - a scroll of immolation
 l - 2 scrolls of fear
 m - a scroll of enchant armour
 t - 7 scrolls of teleportation
 u - 4 scrolls of magic mapping
 v - a scroll of fog
 x - a scroll of remove curse
 z - a scroll of blinking
Potions
 d - 3 potions of might
 h - 2 potions of haste
 i - 3 potions of flight
 n - 2 potions of magic
 p - a potion of lignification
 q - 9 potions of curing
 C - 2 potions of cancellation
Books
 y - a manual of Axes
   (You acquired it on level 7 of the Dungeon)


   Skills:
 * Level 12.5 Fighting
 * Level 14.1 Axes
 + Level 9.4 Armour
 + Level 9.4 Shields


You had 10 spell levels left.
You didn't know any spells.
Your spell library was empty.

Dungeon Overview and Level Annotations

Branches:
Dungeon (11/15)            Temple (1/1) D:4            Lair (0/6) D:10
    Orc (0/2) D:10          Sewer (visited)         Ossuary (visited)

Altars:
Ashenzari
Cheibriados
Dithmenos
Elyvilon
Fedhas
Gozag
Hepliaklqana
Kikubaaqudgha
Makhleb
Nemelex Xobeh
Okawaru
Ru
Sif Muna
Trog
Uskayaw
Vehumet
Wu Jian
Xom
Yredelemnul
Zin
The Shining One

Shops:
D:8 [*[   D:9 [

Annotations:
D:3 1 transporter, viperstalker's ghost, amateur PaFi


Innate Abilities, Weirdness & Mutations

You reflexively headbutt those who attack you in melee.
You have a pair of horns on your head.


Message History

The fire giant is severely wounded.
The fire giant hits you with a +2 great sword of flaming!!
The fire giant burns you!
You hit the fire giant.
The fire giant is severely wounded.
You slice the fire giant!! Your headbutt misses the fire giant.
The fire giant is almost dead.
The fire giant hits you with a +2 great sword of flaming!
The fire giant burns you.
* * * LOW HITPOINT WARNING * * *
Okay, then.
You hit the fire giant.
The fire giant is almost dead.
Uskayaw will force your foes to share their pain.
You hit the fire giant but do no damage.
The fire giant is almost dead.
The fire giant hits you with a +2 great sword of flaming!!
* * * LOW HITPOINT WARNING * * *
The fire giant burns you!
You die...

####### ###.##.....##
#..##..#..# ##........)
#####..... ############
#.#..# #......!...# #.##.#
#..........### ##.##..
#............#### ##.....#
########>.@C....####..#####
######.........#
#######....#.###
#......^...#..#
..#####.#####.# #..## #.
#$##.# #. ## .##C# ## #: #.
.#.# #


You could see a fire giant.

Vanquished Creatures
  Erolcha (D:11)
  A two-headed ogre (D:9)
  An unseen horror (D:7)
  Pikel (D:9)
  A manticore (D:11)
  A cyclops (D:11)
  Joseph (D:7)
  A kobold demonologist (D:10)
  A queen bee (D:10)
  A shadow (D:11)
  Purgy (Sewer)
  4 black bears
  An orc warrior (D:9)
  4 ice beasts
  2 necrophages
  3 sky beasts
  5 ogres
  3 centaurs
  2 phantoms
  4 lemures (D:9)
  3 big kobolds
  An elf zombie (Ossuary)
  2 bullfrogs (D:11)
  A water moccasin zombie (D:10)
  A wyvern skeleton (D:7)
  3 scorpions
  A water moccasin skeleton (D:5)
  14 killer bees
  An electric eel (D:7)
  A centaur zombie (D:5)
  7 howler monkeys
  A quasit (D:9)
  A bullfrog zombie (D:10)
  17 orc wizards
  4 orc priests
  7 bullfrog skeletons
  2 hounds
  2 human zombies (Ossuary)
  3 jellies
  3 centaur skeletons
  3 iguanas
  6 worker ants
  5 big kobold zombies (Ossuary)
  A hound zombie (D:8)
  A hound skeleton (D:4)
  2 mummies (Ossuary)
  A howler monkey zombie (D:8)
  2 worker ant zombies
  10 gnolls
  2 river rats (D:5)
  8 adders
  A shadow imp (D:6)
  4 white imps
  2 ufetubi
  2 adder zombies
  An ooze (D:6)
  An adder skeleton (D:4)
  A worm (D:3)
  3 dart slugs
  5 leopard geckos
  40 orcs
  A ball python (D:1)
  3 giant cockroaches
  2 goblins (D:3)
  4 hobgoblins
  10 jackals
  7 quokkas
  2 bats (D:1)
  A frilled lizard (D:5)
  12 hobgoblin zombies (Ossuary)
  23 kobolds
  6 kobold zombies (Ossuary)
  A leopard gecko zombie (D:5)
  6 orc zombies (Ossuary)
  A quokka zombie (D:6)
  3 rats
  4 rat zombies (Ossuary)
301 creatures vanquished.

Vanquished Creatures (others)
  18 plants (D:10)
18 creatures vanquished.

Grand Total: 319 creatures vanquished

Notes
Turn   | Place    | Note
-------+----------+-------------------------------------------
     0 | D:1      | Flugslaktarn the Minotaur Fighter began the quest for the
                  | Orb.
     0 | D:1      | Reached XP level 1. HP: 19/19 MP: 0/0
    43 | D:1      | Reached XP level 2. HP: 17/27 MP: 1/1
   495 | D:3      | Reached skill level 3 in Axes
   507 | D:3      | Found a shattered altar of Ashenzari.
   623 | D:3      | Found a transporter.
   634 | D:3      | Noticed viperstalker's ghost (amateur PaFi)
   638 | D:3      | Reached XP level 3. HP: 26/33 MP: 2/2
  1027 | D:4      | Reached XP level 4. HP: 41/41 MP: 3/3
  1045 | D:4      | Found a staircase to the Ecumenical Temple.
  1063 | D:4      | Found a snail-covered altar of Cheibriados.
  1079 | Temple   | Entered the Ecumenical Temple
  1193 | Temple   | Became a worshipper of Uskayaw the Reveler
  1234 | D:4      | Reached * piety under Uskayaw
  1236 | D:4      | Reached ** piety under Uskayaw
  1479 | D:4      | Reached *** piety under Uskayaw
  1480 | D:4      | Reached skill level 4 in Axes
  1483 | D:4      | Reached XP level 5. HP: 41/47 MP: 4/4
  1485 | D:4      | Reached skill level 5 in Fighting
  1488 | D:4      | Reached **** piety under Uskayaw
  1618 | D:4      | Noticed an ogre
  1628 | D:4      | Killed an ogre
  1630 | D:4      | Reached XP level 6. HP: 16/56 MP: 5/5
  1938 | D:4      | Reached skill level 5 in Axes
  2097 | D:4      | Found a radiant altar of Vehumet.
  2099 | D:4      | Found a basalt altar of Yredelemnul.
  2448 | D:4      | Reached skill level 5 in Shields
  2552 | D:4      | Found a shadowy altar of Dithmenos.
  2807 | D:5      | Entered Level 5 of the Dungeon
  2818 | D:5      | Found a glowing drain.
  2824 | D:5      | Reached skill level 5 in Armour
  2833 | Sewer    | Entered a sewer
  3118 | Sewer    | Noticed Purgy
  3139 | Sewer    | Killed Purgy
  3139 | Sewer    | Reached XP level 7. HP: 40/64 MP: 6/6
  3406 | D:5      | Reached skill level 6 in Axes
  3885 | D:5      | Reached XP level 8. HP: 73/73 MP: 7/7
  3994 | D:5      | Reached skill level 7 in Axes
  4047 | D:5      | Found an opulent altar of Gozag.
  4343 | D:6      | Found a sand-covered staircase.
  4349 | Ossuary  | Entered an ossuary
  4413 | Ossuary  | Reached ***** piety under Uskayaw
  4419 | Ossuary  | Reached ****** piety under Uskayaw
  4834 | D:6      | Reached skill level 8 in Axes
  5244 | D:7      | Noticed Joseph
  5264 | D:7      | Killed Joseph
  5264 | D:7      | Reached XP level 9. HP: 39/83 MP: 8/8
  5815 | D:7      | Reached skill level 9 in Axes
  6340 | D:7      | Killed an unseen horror
  6340 | D:7      | Reached skill level 10 in Fighting
  6665 | D:7      | Identified a scroll of acquirement
  6665 | D:7      | Acquired a manual of Axes
  6730 | D:8      | Found Buzis's Antique Armour Boutique.
  6734 | D:8      | Reached skill level 10 in Axes
  7033 | D:8      | Found Wesamuz's Assorted Antiques.
  7203 | D:8      | Reached XP level 10. HP: 87/94 MP: 9/9
  7247 | D:8      | Found Juun's Antique Armour Emporium.
  7250 | D:8      | Bought a tower shield for 126 gold pieces
  7250 | D:8      | Bought a glowing hat for 196 gold pieces
  7766 | D:9      | Noticed Pikel
  7785 | D:9      | Killed Pikel
  7785 | D:9      | Reached skill level 11 in Axes
  8040 | D:9      | Found Ytzotuonu's Armour Shop.
  8183 | D:9      | Bought a +1 pair of boots for 172 gold pieces
  8188 | D:9      | Noticed a two-headed ogre
  8195 | D:9      | Killed a two-headed ogre
  8322 | D:9      | Reached skill level 12 in Axes
  8885 | D:10     | Entered Level 10 of the Dungeon
  8922 | D:10     | Found a staircase to the Orcish Mines.
  8978 | D:10     | Found a staircase to the Lair.
  9378 | D:10     | Reached skill level 13 in Axes
  9762 | D:11     | Noticed Erolcha
  9776 | D:11     | Killed Erolcha
  9776 | D:11     | Reached XP level 11. HP: 86/104 MP: 10/10
 10000 | D:11     | Reached skill level 14 in Axes
 10348 | D:11     | Noticed a frost giant
 10348 | D:11     | Noticed a fire giant
 10377 | D:11     | Slain by a fire giant

Illustrated notes

Levels and vault maps discovered:
D:1:      dpeg_arrival_long_road, layout_basic, minmay_tall_x
D:2:      layout_basic, lemuel_crystal_altar
D:3:      layout_loops_ring, ashenzari_conservatory_becter,
          gammafunk_ghost_stat_death, uniq_sigmund
D:4:      layout_layer_cave, nicolae_overflow_hidden_temple,
          minmay_temple_entry_enclosed_plants
D:5:      kennysheep_six_static_rooms, layout_basic, portal_sewer_entry_a,
          grunt_gozag_breadcrumbs
D:6:      layout_gridville, enter_ossuary_5
D:7:      layout_cave_pods, minivault_4, uniq_joseph
D:8:      layout_gridville, serial_shops, shop_fountains, kennysheep_mini, shop
D:9:      layout_stronghold, serial_shops, shop_fountains, uniq_pikel
D:10:     layout_basic, lair_entry_dummy, orc_0_dummy,
          nicolae_looking_at_the_future
D:11:     minmay_glassy_protrusions, layout_rooms, jmf_multi_god_temple2,
          uniq_josephine, uniq_erolcha
Temple:   regret_index_temple_sphere_string

Skill      XL: |  1  2  3  4  5  6  7  8  9 10 11 |
---------------+----------------------------------+-----
Fighting       | 4 5 6 7 9 10 12 | 12.5
Axes           | 3 4 5 6 8 10 13 14 | 14.1
Shields        | 4 5 6 7 9 |  9.4
Armour         | 4 5 6 7 9 |  9.4

Action                   |  1- 3 |  4- 6 |  7- 9 | 10-12 || total
-------------------------+-------+-------+-------+-------++-------
Melee: War axe           |    71 |    95 |   360 |   252 ||   778
       Headbutt          |    15 |    16 |    63 |    51 ||   145
  Use: Scroll            |       |     9 |     8 |     6 ||    23
       Potion            |       |       |       |     2 ||     2
 Stab: Paralysed         |       |    11 |    19 |    29 ||    59
Armor: Scale mail        |    29 |    65 |     1 |       ||    95
       Plate armour      |       |       |   222 |   151 ||   373
       Chain mail        |       |       |     3 |       ||     3
Dodge: Dodged            |    25 |    59 |    90 |    47 ||   221
Block: Kite shield       |    35 |    72 |   221 |       ||   328
       Tower shield      |       |       |       |   224 ||   224

Table legend: (Time is in decaauts)
 A = Elapsed time spent in this place.
 B = Non-inter-level travel time spent in this place.
 C = Inter-level travel time spent in this place.
 D = Time resting spent in this place.
 E = Time spent auto-exploring this place.
 F = Levels seen in this place.
 G = Mean time per level.
                   A        B        C        D        E       F      G
               +--------+--------+--------+--------+--------+-----+--------+
         Total |  10504 |  10174 |    330 |    342 |   8136 |  14 |  750.3 |
       Dungeon |   9578 |   9273 |    305 |    342 |   7409 |  11 |  870.7 |
        Temple |    139 |    115 |     24 |      0 |    109 |   1 |  139.0 |
         Sewer |    481 |    481 |      0 |      0 |    415 |   1 |  481.0 |
       Ossuary |    304 |    304 |      0 |      0 |    203 |   1 |  304.0 |
               +--------+--------+--------+--------+--------+-----+--------+

Top non-repeatable levels by time:
     D:4: 1672 daAuts
     D:7: 1488 daAuts
     D:9: 1249 daAuts
     D:5: 973 daAuts
     D:8: 928 daAuts
    D:10: 875 daAuts
     D:6: 733 daAuts
    D:11: 610 daAuts
     D:3: 545 daAuts
   Sewer: 481 daAuts
     D:1: 423 daAuts
 Ossuary: 304 daAuts
  Temple: 139 daAuts
     D:2: 78 daAuts
